 Dungeon Crawl Stone Soup version 0.30-a0-1163-gf69bf04e7a (webtiles) character file.

Game seed: 9763811346488847538

102 Nedwor the Cutter (level 4, -8/34 HPs)
             Began as a Demonspawn Gladiator on Apr 28, 2023.
             Killed by nerve-wracking pain
             ... invoked by an orc priest
              (10 damage)
             ... on level 3 of the Dungeon.
             The game lasted 00:02:53 (1763 turns).

Nedwor the Cutter (Demonspawn Gladiator)            Turns: 1763, Time: 00:02:53

Health: -8/34      AC:  5    Str: 17    XL:     4   Next: 50%
Magic:  4/4        EV: 12    Int:  9    God:
Gold:   165        SH:  0    Dex: 14    Spells: 3/3 levels left

rFire   . . .        a - +1 rapier (flame)
rCold   . . .        (no shield)
rNeg    . . .        b - +0 leather armour
rPois   .            c - +0 helmet
rElec   .            (no cloak)
rCorr   .            (no gloves)
SInv    .            o - +0 pair of boots {rampage}
Will    .....        (no amulet)
Stlth   +            (no ring)
HPRegen 0.25/turn    (no ring)
MPRegen 0.09/turn

%: rampage
@: no status effects
A: weakness stinger 2
a: no special abilities


You were on level 3 of the Dungeon.
You visited 1 branch of the dungeon, and saw 3 of its levels.

You collected 165 gold pieces.

Inventory:

Hand Weapons
 a - a +1 rapier of flaming (weapon)
Missiles
 d - 3 throwing nets (quivered)
 e - a javelin
Armour
 b - a +0 leather armour (worn)
 c - a +0 helmet (worn)
 o - a +0 pair of boots of rampaging (worn)
Scrolls
 f - a scroll of fog {unknown}
 g - 2 scrolls of teleportation
Potions
 h - a potion of lignification {unknown}
 i - 2 potions of magic
 j - a potion of resistance {unknown}
 l - a potion of might {unknown}


   Skills:
 + Level 2.7 Fighting
 * Level 3.7 Short Blades
 - Level 1.7 Throwing
 + Level 1.3 Armour
 + Level 3.2 Dodging


You had 3 spell levels left.
You didn't know any spells.
Your spell library was empty.

Dungeon Overview and Level Annotations

Branches:
Dungeon (3/15)

Altars:


Innate Abilities, Weirdness & Mutations

You have a tail ending in a sharp stinger.


Message History

The orc wizard hits you but does no damage.
You hit the orc wizard. You burn the orc wizard.
You kill the orc wizard!
The orc priest calls down the wrath of Beogh upon you.
Beogh smites you!
You are too injured to fight recklessly!
You are too injured to fight recklessly!
You are too injured to fight recklessly!
You are too injured to fight recklessly!
You are too injured to fight recklessly!
You are too injured to fight recklessly!
You are too injured to fight recklessly!
You are too injured to fight recklessly!
You hit the orc. You burn the orc.
The orc is heavily wounded.
The orc closely misses you.
You barely miss the orc.
The orc is heavily wounded.
The orc hits you but does no damage.
You hit the orc. You burn the orc.
You kill the orc!
You hit the orc. You burn the orc. You tail-slap the orc.
You kill the orc!
You rampage towards the orc priest!
You barely miss the orc priest.
The orc priest hits you with a +0 falchion.
You barely miss the orc priest.
The orc priest calls down the wrath of Beogh upon you.
Beogh smites you!
* * * LOW HITPOINT WARNING * * *
You hit the orc priest. You burn the orc priest.
The orc priest is moderately wounded.
The orc priest completely misses you.
You hit the orc priest. You burn the orc priest.
The orc priest is heavily wounded.
The orc priest barely misses you.
You hit the orc priest. You burn the orc priest.
The orc priest is severely wounded.
The orc priest invokes the aid of Beogh against you.
Pain shoots through your body!
You die...

###########
#.........#
#.#######.#
#.......#.#
#######.#.#
#...#.#
#.#.#.#
#.#.#@#
#..<#o#
#####o# ..#
###


You could see an orc priest and an orc.

Vanquished Creatures
  An orc wizard (D:3)
  3 adders (D:2)
  A worm (D:2)
  2 orcs (D:3)
  3 ball pythons
  8 endoplasms
  2 giant cockroaches (D:1)
  3 goblins (D:1)
  5 hobgoblins
  2 quokkas (D:1)
  6 bats
  A frilled lizard (D:2)
  2 kobolds (D:2)
  4 rats
43 creatures vanquished.

Notes
Turn   | Place    | Note
-------+----------+-------------------------------------------
     0 | D:1      | Nedwor the Demonspawn Gladiator began the quest for the
                  | Orb.
     0 | D:1      | Reached XP level 1. HP: 16/16 MP: 1/1
   237 | D:1      | Gained mutation: You have a small tail. [demonic ancestry]
   237 | D:1      | Reached XP level 2. HP: 22/22 MP: 2/2
   817 | D:2      | Reached XP level 3. HP: 16/28 MP: 3/3
  1089 | D:2      | Reached skill level 1 in Armour
  1322 | D:2      | Gained mutation: You have a tail ending in a sharp stinger.
                  | [demonic ancestry]
  1322 | D:2      | Reached XP level 4. HP: 12/34 MP: 4/4
  1760 | D:3      | HP: 1/34 [orc priest/divine providence (12)]
  1763 | D:3      | Killed from afar by an orc priest

Illustrated notes

Levels and vault maps discovered:
D:1:      saegor_arrival_fortress, layout_basic, serial_aquarium,
          aquarium_bridge_straight [aquarium_subvault_bridge,
          aquarium_subvault_wall, aquarium_subvault_bridge,
          aquarium_subvault_window], aquarium_bridge_square
          [aquarium_subvault_wall, aquarium_subvault_bridge,
          aquarium_subvault_balcony, aquarium_subvault_bridge],
          aquarium_window_2, aquarium_window_corner, aquarium_window_1,
          aquarium_window_fake, aquarium_view_2e
D:2:      layout_basic, minmay_misc_feat_doors
D:3:      layout_basic, serial_shops, shop_statue, grunt_ministairs_3,
          minmay_shallow_snake_nest

Skill      XL: |  1  2  3 |
---------------+----------+-----
Short Blades   | 3 |  3.7
Dodging        | 3 |  3.2
Armour         | 1 |  1.3
Fighting       | |  2.7
Throwing       | |  1.7

Action                     |  1- 3 |  4- 6 || total
---------------------------+-------+-------++-------
  Melee: Rapier            |   116 |    30 ||   146
         Punch             |     3 |       ||     3
         Tailslap          |     9 |     3 ||    12
    Use: Scroll            |       |     6 ||     6
   Stab: Sleeping          |     1 |     1 ||     2
 Armour: Leather armour    |    34 |     9 ||    43
  Dodge: Dodged            |    80 |     8 ||    88

Table legend: (Time is in decaauts)
 A = Elapsed time spent in this place.
 B = Non-inter-level travel time spent in this place.
 C = Inter-level travel time spent in this place.
 D = Time resting spent in this place.
 E = Time spent auto-exploring this place.
 F = Levels seen in this place.
 G = Mean time per level.
                   A        B        C        D        E       F      G
               +--------+--------+--------+--------+--------+-----+--------+
         Total |   1768 |   1714 |     54 |      0 |   1401 |   3 |  589.3 |
       Dungeon |   1768 |   1714 |     54 |      0 |   1401 |   3 |  589.3 |
               +--------+--------+--------+--------+--------+-----+--------+

Top non-repeatable levels by time:
     D:2: 922 daAuts
     D:1: 807 daAuts
     D:3: 38 daAuts
